[Event "32nd Panamerican Youth 2022"]
[Site "Montevideo"]
[Date "2022.06.26"]
[Round "1.35"]
[White "Vazquez, Facundo"]
[Black "Reyes Zavaleta, Diego Alexander"]
[Result "1-0"]
[ECO "E11"]
[WhiteElo "2357"]
[BlackElo "1684"]
[Annotator "TA"]
[PlyCount "173"]
[EventDate "2022.06.26"]
[EventType "swiss"]
[EventCountry "URU"]
[SourceTitle "playchess.com"]
[Source "ChessBase"]
[SourceQuality "1"]
[TimeControl "5400+30"]

1. d4 {[%emt 0:00:05] ChessBase II} Nf6 2. c4 e6 3. Nf3 Bb4+ 4. Bd2 a5 5. g3 O-O 6. Bg2 d5 7. Qc2 $1 {[%mdl 4] is now more promising than 7.0-0.} Na6 {[%emt 0:18:00] E11: Bogo-Indian.} 8. a3 Bxd2+ 9. Nbxd2 {[%emt 0:00:12] [#]} b6 $146 {[%emt 0:07:17] White has an edge.} ({Predecessor:} 9... Qe7 10. Rc1 c5 11. O-O Bd7 12. e4 dxe4 13. Nxe4 Bc6 14. Nxc5 Nxc5 15. dxc5 Qxc5 16. Rfd1 {0-1 (56) Weber,J-Chandler,M Wattignies 1976 EXT 2015 [ChessBase II]}) 10. cxd5 exd5 11. Ne5 c5 12. O-O Bb7 13. Rfd1 Rc8 14. dxc5 Nxc5 15. Ndf3 Qe7 16. Bh3 Rc7 17. Rac1 Bc8 (17... Nfe4 $11 18. Qb1 Re8) 18. Bg2 $14 Bb7 19. Bh3 (19. b4 $11 Ne6 20. Qb2) 19... Bc8 (19... Nfe4 $15 20. Qb1 Re8) 20. Bxc8 Rfxc8 21. Qf5 g6 22. Qf4 Ne6 23. Rxc7 Rxc7 24. Qh4 Kg7 25. Nd4 {[%emt 0:00:51] Against Rc2} Nxd4 26. Qxd4 Qc5 27. b4 Qc3 28. bxa5 bxa5 29. Qxc3 Rxc3 $11 {[%emt 0:00:05][%mdl 4096] Endgame KRN-KRN} 30. a4 Rc2 31. Kf1 Ra2 32. Rd4 Rc2 33. f3 Kf8 34. g4 {[%emt 0:01:52] With the idea g5.} h6 ({Better is} 34... Ke7 $11) 35. h4 (35. Rd3 $14) 35... g5 36. hxg5 hxg5 37. Ke1 (37. Rd3 $14) 37... Ke7 38. Kd1 Rc5 39. Nd3 Rc3 40. Kd2 Rc7 41. Nc1 Rb7 {[%emt 0:00:36] Inhibits Nb3.} 42. Kc3 Rc7+ 43. Kb2 Kd6 44. Nb3 Ke5 45. e3 Ra7 46. f4+ gxf4 47. Rxf4 Ra8 (47... Ne4 $11 {remains equal.}) 48. Rf5+ $16 Ke6 49. Nd4+ Ke7 50. g5 Nd7 (50... Ng4 $16) 51. Rxd5 $18 Nb6 52. Rb5 Nc4+ (52... Nd7 $142 53. Nc6+ Ke6) 53. Kc3 Nd6 (53... Rc8 {keeps fighting.}) 54. Re5+ Kd7 55. Rd5 {[%emt 0:00:53] [#] And now Nb5 would win.} Rc8+ 56. Kd3 Ke7 (56... Rc1 $142 57. Rxa5 Ra1 58. Ra7+ Kc8) 57. Nf5+ Nxf5 58. Rxf5 {[%emt 0:00:02] KR-KR} Ra8 (58... Rc1 $142 59. Rxa5 Ke6) 59. Ke4 Ra6 60. Rb5 Ke6 61. Re5+ Kd7 62. Kf5 Kd8 63. e4 Kd7 64. Rb5 Ke7 65. e5 Kf8 66. Rb7 (66. Rb8+ $142 Kg7 67. Rb5) 66... Kg7 (66... Ke8 $142 67. Rc7 Kf8) 67. Rd7 Rc6 68. Ra7 Rc1 69. Rxa5 Rf1+ 70. Kg4 Rg1+ 71. Kf4 Rf1+ 72. Ke4 Kg6 73. Ra8 $2 (73. Rc5 $18 Rd1 74. a5) 73... Re1+ $14 74. Kf4 {[%emt 0:00:10] a5 is the strong threat.} Rf1+ 75. Ke4 (75. Kg4 $5 ) 75... Re1+ 76. Kd5 Kf5 $1 77. Re8 ({Don't play} 77. a5 Rxe5+ 78. Kc6 Re6+ 79. Kd5 Re5+ 80. Kd4 Re4+ 81. Kc5 Kxg5 $16) 77... Ra1 $1 78. Re7 (78. g6 $1 $14 Kxg6 79. Ra8) 78... Rxa4 $11 79. Rxf7+ Kg6 80. Rd7 {[%emt 0:00:55] Hoping for e6.} Kxg5 81. Ke6 {[%emt 0:00:13] Rg7+ would kill now.} Kg6 {[%emt 0:00:22] Inhibits Rg7+.} 82. Ke7 Kf5 83. e6 {[%emt 0:00:31][%cal Be5e6,Be6e7][%mdl 32] Threatening mate with Kf7.} Ke5 $2 {[%emt 0:00:24][%mdl 8192] [#] This move loses the game for Black.} (83... Kg6 $11) 84. Rb7 {[%emt 0:00:34] White mates.} Kd5 85. Kd7 Ra6 86. e7 Rd6+ 87. Kc8 {[%emt 0:00:10] Weighted Error Value: White=0.11 (very precise) /Black=0.24 (precise)} 1-0

[Event "32nd Panamerican Youth 2022"]
[Site "Montevideo"]
[Date "2022.06.26"]
[Round "1.36"]
[White "Morales Estrada, Jhoel Henry"]
[Black "Castro Silva, Moises Antonio"]
[Result "0-1"]
[ECO "A37"]
[WhiteElo "1608"]
[BlackElo "2053"]
[Annotator "RC"]
[PlyCount "48"]
[EventDate "2022.06.26"]
[EventType "swiss"]
[EventCountry "URU"]
[SourceTitle "playchess.com"]
[Source "ChessBase"]
[SourceQuality "1"]
[TimeControl "5400+30"]

1. Nf3 c5 2. c4 Nc6 3. g3 g6 4. Bg2 Bg7 5. Nc3 e6 6. O-O Nge7 7. d3 O-O 8. Bg5 h6 9. Bd2 d5 10. Qc1 Kh7 11. cxd5 exd5 12. a3 Bg4 13. Re1 Bxf3 14. exf3 Qd7 15. Rb1 Rfe8 16. g4 Nd4 17. Be3 Nec6 18. Qd1 Ne6 19. Bd2 Ne5 20. Nxd5 Nxd3 21. Bxh6 Qxd5 22. f4 Qd4 23. Bxg7 Qxf2+ 24. Kh1 Qxe1+ 0-1

[Event "32nd Panamerican Youth 2022"]
[Site "Montevideo"]
[Date "2022.06.27"]
[Round "2.3"]
[White "Fernandez Rocha, Mariana Abigail"]
[Black "Li, Iris"]
[Result "0-1"]
[ECO "D00"]
[WhiteElo "1125"]
[BlackElo "1365"]
[Annotator "NA RC"]
[PlyCount "122"]
[EventDate "2022.06.26"]
[EventType "swiss"]
[EventCountry "URU"]
[SourceTitle "playchess.com"]
[Source "ChessBase"]
[SourceQuality "1"]
[TimeControl "5400+30"]

1. d4 d5 2. Bf4 c5 3. e3 Nc6 4. c3 Qb6 5. Qb3 c4 6. Qxb6 axb6 7. Nd2 b5 8. e4 e6 9. Ngf3 b4 10. Be2 Nf6 11. Ne5 Nxe5 12. dxe5 Nd7 13. exd5 exd5 14. O-O Bc5 15. Rfe1 O-O 16. Nf3 bxc3 17. bxc3 Ra3 18. Rec1 Nb6 19. Rc2 Bf5 20. Rcc1 Rfa8 21. h3 Rxa2 22. Rxa2 Rxa2 23. Kf1 h6 24. g4 Bd3 25. Nd2 g5 26. Bxd3 cxd3 27. Nb3 Rxf2+ 28. Ke1 gxf4 29. Rd1 Re2+ 30. Kf1 Be7 31. Rxd3 Rxe5 32. Nd4 Re3 33. Rxe3 fxe3 34. Nf5 Bg5 35. h4 Bf4 36. Ke2 Kh7 37. Nxe3 Bxe3 38. Kxe3 Na4 39. Kd4 Kg6 40. Kxd5 Nxc3+ 41. Ke5 b5 42. Kd4 b4 43. Kd3 f5 44. gxf5+ Kxf5 45. Kc2 Kg4 46. Kb3 Nd5 47. Ka4 Kxh4 48. Kb3 Kg3 49. Kc4 h5 50. Kd4 h4 51. Kd3 h3 52. Kc4 h2 53. Kxd5 h1=Q+ 54. Kc4 Qd1 55. Kxb4 Qc2 56. Ka3 Qb1 57. Ka4 Kf4 58. Ka5 Ke5 59. Ka6 Kd6 60. Ka7 Kc6 61. Ka8 Qb7# 0-1

[Event "32nd Panamerican Youth 2022"]
[Site "Montevideo"]
[Date "2022.06.27"]
[Round "2.4"]
[White "Vilca Contreras, Dante Ivan"]
[Black "Oro, Faustino"]
[Result "1/2-1/2"]
[ECO "E46"]
[WhiteElo "1315"]
[BlackElo "2008"]
[Annotator "NA RC"]
[PlyCount "87"]
[EventDate "2022.06.26"]
[EventType "swiss"]
[EventCountry "URU"]
[SourceTitle "playchess.com"]
[Source "ChessBase"]
[SourceQuality "1"]
[TimeControl "5400+30"]

1. d4 Nf6 2. c4 e6 3. Nc3 Bb4 4. e3 O-O 5. Nge2 d5 6. Ng3 dxc4 7. Bxc4 c5 8. Nge2 cxd4 9. Qxd4 Qxd4 10. Nxd4 Ne4 11. Nde2 Nxc3 12. Nxc3 Bxc3+ 13. bxc3 b6 14. O-O Ba6 15. Bxa6 Nxa6 16. Rd1 Rfc8 17. Bb2 Nc5 18. Rac1 Na4 19. Ba1 h6 20. Rd4 b5 21. Rb4 a6 22. c4 Rc6 23. Bd4 Rac8 24. Kf1 f6 25. f4 Rxc4 26. Rcxc4 Rxc4 27. Rxc4 bxc4 28. Ke2 Kf7 29. e4 f5 30. exf5 exf5 31. Ke3 g6 32. Ba1 Ke6 33. Kd4 Nb6 34. g3 Kd6 35. Bc3 Nd5 36. Bd2 Nf6 37. Kxc4 Ng4 38. h4 Nf2 39. Be1 Ne4 40. Kd4 Ke6 41. Kc4 Kd6 42. Kd4 Nf6 43. Bb4+ Ke6 44. Be1 1/2-1/2

[Event "32nd Panamerican Youth 2022"]
[Site "Montevideo"]
[Date "2022.06.27"]
[Round "2.5"]
[White "Mollo Figueroa, Nicole"]
[Black "Su, Jasmine Zhixin"]
[Result "0-1"]
[ECO "B50"]
[WhiteElo "1340"]
[BlackElo "1984"]
[Annotator "NA RC"]
[PlyCount "136"]
[EventDate "2022.06.26"]
[EventType "swiss"]
[EventCountry "URU"]
[SourceTitle "playchess.com"]
[Source "ChessBase"]
[SourceQuality "1"]
[TimeControl "5400+30"]

1. e4 c5 2. Nf3 d6 3. c3 Nf6 4. h3 Nc6 5. Bd3 e5 6. Bc2 d5 7. exd5 Qxd5 8. Qe2 Be6 9. O-O e4 10. Nh2 O-O-O 11. Re1 Bf5 12. Nf1 Bg6 13. Ne3 Qd7 14. Na3 Bd6 15. Nac4 Bc7 16. a4 Kb8 17. b3 Ne5 18. Nxe5 Bxe5 19. Qc4 Rc8 20. a5 Rhd8 21. b4 cxb4 22. Qxb4 Qc7 23. Rb1 Bd6 24. Qb2 Rd7 25. Ba4 Re7 26. a6 b6 27. Bb5 Bc5 28. Qb3 Rd8 29. Ra1 h5 30. Ra4 Qd6 31. Rf1 Ka8 32. Re1 Bh7 33. Ra2 g5 34. Be2 g4 35. hxg4 Nxg4 36. Nxg4 hxg4 37. Bxg4 Rg8 38. Bh3 Qd3 39. Re3 Bxe3 40. dxe3 Rc7 41. Bd2 Qd6 42. Be1 Qh6 43. Qd5+ Kb8 44. Kf1 Qf6 45. Kg1 Rg5 46. Qd1 Bf5 47. Bxf5 Qxf5 48. Rd2 Rg8 49. Rd8+ Rxd8 50. Qxd8+ Qc8 51. Qd5 Qxa6 52. Qxe4 Qc4 53. Qe8+ Kb7 54. Qd8 a5 55. Qd2 a4 56. Qb2 Qb3 57. Qe2 a3 58. Qf3+ Ka7 59. Qg3 Rb7 60. Qe5 a2 61. c4 Qb1 62. c5 a1=Q 63. cxb6+ Ka6 64. Qd5 Qxe1+ 65. Kh2 Qh1+ 66. Kg3 Qg7+ 67. Kf4 Qh4+ 68. Kf3 Qgg4# 0-1

[Event "32nd Panamerican Youth 2022"]
[Site "Montevideo"]
[Date "2022.06.27"]
[Round "2.6"]
[White "Vidyarthi, Omya"]
[Black "Silva, Juliana Figueira The"]
[Result "1-0"]
[ECO "A48"]
[WhiteElo "1872"]
[BlackElo "1286"]
[Annotator "NA RC"]
[PlyCount "91"]
[EventDate "2022.06.26"]
[EventType "swiss"]
[EventCountry "URU"]
[SourceTitle "playchess.com"]
[Source "ChessBase"]
[SourceQuality "1"]
[TimeControl "5400+30"]

1. d4 g6 2. Nf3 Nf6 3. Bf4 Bg7 4. h3 d6 5. e3 Nbd7 6. Be2 O-O 7. O-O b6 8. Nbd2 Bb7 9. a4 a5 10. c4 Re8 11. Qc2 e5 12. dxe5 dxe5 13. Bh2 Qe7 14. Rad1 Kh8 15. Qc1 Ng8 16. Nb1 f5 17. Nc3 Bc6 18. Nd2 Rac8 19. e4 Qg5 20. Kh1 Nc5 21. Qc2 Rcd8 22. Nf3 Qf6 23. Rxd8 Qxd8 24. exf5 e4 25. Rd1 Qe7 26. Nd4 Bxd4 27. Rxd4 gxf5 28. Bh5 Rf8 29. Nd5 Qg7 30. Qc3 Nxa4 31. Qd2 Nc5 32. Qe3 Bxd5 33. Rxd5 Nd3 34. Qe2 f4 35. f3 Nf6 36. Rf5 Nxh5 37. Rxf8+ Qxf8 38. fxe4 f3 39. Qxd3 f2 40. Qf1 c5 41. e5 Qf7 42. e6 Qxe6 43. Qxf2 Qxc4 44. Qf8+ Qg8 45. Be5+ Ng7 46. Bxg7# 1-0

[Event "32nd Panamerican Youth 2022"]
[Site "Montevideo"]
[Date "2022.06.27"]
[Round "2.7"]
[White "Azocar Gajardo, Javiera"]
[Black "Carvajal Mendoza, Maria Belen"]
[Result "0-1"]
[ECO "B06"]
[WhiteElo "1245"]
[BlackElo "1377"]
[Annotator "NA RC"]
[PlyCount "84"]
[EventDate "2022.06.26"]
[EventType "swiss"]
[EventCountry "URU"]
[SourceTitle "playchess.com"]
[Source "ChessBase"]
[SourceQuality "1"]
[TimeControl "5400+30"]

1. e4 g6 2. h4 Bg7 3. Bc4 c5 4. Qf3 e6 5. h5 Nc6 6. hxg6 hxg6 7. Rxh8 Bxh8 8. Qf4 a6 9. a3 b5 10. Ba2 c4 11. Nf3 Nd4 12. Nxd4 Bxd4 13. Qf3 Qh4 14. g3 Qh2 15. Ke2 Bb7 16. Nc3 Nf6 17. Qf4 g5 18. Qf3 g4 19. Qf4 Nh5 20. Qe3 Bxe3 21. Kxe3 Qh1 22. Ke2 Qf3+ 23. Ke1 Nxg3 24. fxg3 Qxg3+ 25. Ke2 Qf3+ 26. Ke1 g3 27. d3 g2 28. Ne2 O-O-O 29. Bg5 Rh8 30. Kd2 Qf2 31. Be3 Qf3 32. Ng1 Qf1 33. Re1 Qf6 34. c3 Rh4 35. Re2 cxd3 36. Rxg2 Qf1 37. Rg8+ Kc7 38. Rg3 Rh2+ 39. Bf2 Rxf2+ 40. Ke3 Qe1+ 41. Kd4 Qxe4+ 42. Kc5 d6# 0-1

[Event "32nd Panamerican Youth 2022"]
[Site "Montevideo"]
[Date "2022.06.27"]
[Round "2.8"]
[White "El Hage Serrano, Caely"]
[Black "Quintela, Sol"]
[Result "1-0"]
[ECO "C44"]
[WhiteElo "1308"]
[BlackElo "1062"]
[Annotator "NA RC"]
[PlyCount "69"]
[EventDate "2022.06.26"]
[EventType "swiss"]
[EventCountry "URU"]
[SourceTitle "playchess.com"]
[Source "ChessBase"]
[SourceQuality "1"]
[TimeControl "5400+30"]

1. e4 e5 2. Nf3 Nc6 3. c3 Nf6 4. Be2 Ng8 5. Bf1 d6 6. d3 Nf6 7. Be2 Be7 8. Nbd2 O-O 9. O-O Bd7 10. Re1 Qc8 11. Nf1 Bg4 12. Ne3 Nh5 13. Nxg4 Nf4 14. Bxf4 exf4 15. h3 Rd8 16. Qd2 Ne5 17. Qxf4 Ng6 18. Qf5 d5 19. Qxc8 Raxc8 20. exd5 Rxd5 21. d4 Nf4 22. Bc4 Rd7 23. Nfe5 Rdd8 24. Nxf7 Rf8 25. Rxe7 Ng6 26. Nfe5+ Kh8 27. Nxg6+ hxg6 28. Rae1 Kh7 29. Rd7 Rfe8 30. Nf6+ Kh6 31. Nxe8 g5 32. Nxg7 Rh8 33. Re6+ Kh7 34. Nf5+ Kg8 35. Rf6# 1-0

[Event "32nd Panamerican Youth 2022"]
[Site "Montevideo"]
[Date "2022.06.27"]
[Round "2.13"]
[White "Wilson, Hannah"]
[Black "Adam, Ernestina"]
[Result "0-1"]
[ECO "B90"]
[WhiteElo "1492"]
[BlackElo "1681"]
[Annotator "NA RC"]
[PlyCount "126"]
[EventDate "2022.06.26"]
[EventType "swiss"]
[EventCountry "URU"]
[SourceTitle "playchess.com"]
[Source "ChessBase"]
[SourceQuality "1"]
[TimeControl "5400+30"]

1. e4 c5 2. Nf3 d6 3. d4 cxd4 4. Nxd4 Nf6 5. Nc3 a6 6. Be3 e5 7. Nb3 Be6 8. h3 h5 9. Qf3 Nbd7 10. O-O-O b5 11. Kb1 Qc7 12. g3 b4 13. Nd5 Bxd5 14. exd5 a5 15. Nd2 Rb8 16. Qg2 a4 17. Bc4 Nc5 18. Qf1 Qa5 19. Qe2 Nfe4 20. Nxe4 Nxe4 21. Bd4 f5 22. g4 hxg4 23. hxg4 Rxh1 24. Rxh1 b3 25. c3 bxa2+ 26. Kxa2 a3 27. b4 Qc7 28. gxf5 Nf6 29. f4 Nd7 30. Re1 Be7 31. fxe5 Nxe5 32. Bxe5 dxe5 33. Qh5+ Kd7 34. Re4 Rb6 35. Qg4 Bf6 36. Qh5 Ke7 37. Qg4 Rd6 38. Re1 Rd8 39. Rh1 Rc8 40. Bb3 Qxc3 41. Rh2 Qe1 42. Qd1 Qxd1 43. Bxd1 Rc1 44. Bb3 e4 45. Kxa3 Ra1+ 46. Ba2 e3 47. Re2 Bd4 48. Ka4 Kd7 49. Kb5 Rc1 50. Bc4 Rb1 51. Bd3 Rc1 52. Ra2 Rc3 53. Be2 Rc8 54. Ka5 Kd6 55. Bd3 Kxd5 56. Re2 Rc3 57. Bb1 Rc1 58. Bc2 Kc4 59. b5 Ra1+ 60. Ba4 Kd3 61. Rh2 e2 62. Rh3+ Kc4 63. Rh2 e1=Q+ 0-1

[Event "32nd Panamerican Youth 2022"]
[Site "Montevideo"]
[Date "2022.06.27"]
[Round "2.14"]
[White "Norabuena Ticona, Gabriela Paola"]
[Black "Chen, Rachel Ruoxuan"]
[Result "0-1"]
[ECO "A09"]
[WhiteElo "1410"]
[BlackElo "1618"]
[Annotator "NA RC"]
[PlyCount "78"]
[EventDate "2022.06.26"]
[EventType "swiss"]
[EventCountry "URU"]
[SourceTitle "playchess.com"]
[Source "ChessBase"]
[SourceQuality "1"]
[TimeControl "5400+30"]

1. Nf3 d5 2. c4 d4 3. e3 c5 4. b4 Bg4 5. bxc5 Nc6 6. h3 Bxf3 7. Qxf3 e5 8. Ba3 Nf6 9. Bd3 Be7 10. O-O O-O 11. Re1 Re8 12. exd4 exd4 13. Qf5 Bf8 14. Kf1 Qc7 15. g3 Ne5 16. Be2 Qc6 17. f3 g6 18. Qf4 Nh5 19. Qg5 Nxf3 20. Qd5 Qxd5 21. cxd5 Nxg3+ 22. Kf2 Nxe1 23. Bb5 Nc2 24. Bxe8 Ne4+ 25. Kf3 Rxe8 26. Bb2 Nxa1 27. Bxa1 Bxc5 28. d3 Ng5+ 29. Kg4 Re1 30. Kxg5 Rxb1 31. d6 Rxa1 32. d7 Be7+ 33. Kf4 Re1 34. a4 Bd8 35. Kg4 Re3 36. Kf4 Kg7 37. h4 Bc7+ 38. Kg4 f5+ 39. Kg5 h6# 0-1

[Event "32nd Panamerican Youth 2022"]
[Site "Montevideo"]
[Date "2022.06.27"]
[Round "2.17"]
[White "Montevilla Cahuasa, Jonathan I."]
[Black "Ticona Rocabado, Licael Roderick"]
[Result "0-1"]
[ECO "C10"]
[WhiteElo "1684"]
[BlackElo "2097"]
[Annotator "NA RC"]
[PlyCount "94"]
[EventDate "2022.06.26"]
[EventType "swiss"]
[EventCountry "URU"]
[SourceTitle "playchess.com"]
[Source "ChessBase"]
[SourceQuality "1"]
[TimeControl "5400+30"]

1. e4 e6 2. d4 d5 3. Nc3 dxe4 4. Nxe4 Nd7 5. Nf3 Ngf6 6. Bd3 c5 7. Be3 cxd4 8. Bxd4 Be7 9. O-O O-O 10. b3 Qc7 11. Qe2 Nd5 12. Neg5 N7f6 13. Be5 Bd6 14. Bxd6 Qxd6 15. Ne4 Qe7 16. Nxf6+ Nxf6 17. Rfe1 b6 18. Rad1 Bb7 19. c4 Rad8 20. Bc2 Qa3 21. Nd4 Qc5 22. Qe5 Qa3 23. Qe2 Qa5 24. Qd2 Qc5 25. Qc3 a5 26. Nb5 Qc6 27. Qh3 h6 28. Nd4 Qc5 29. Qc3 Ng4 30. Qd3 g6 31. Rxe6 Qh5 32. Qg3 fxe6 33. Nxe6 Rxd1+ 34. Bxd1 Qe5 35. Qxe5 Nxe5 36. Nxf8 Kxf8 37. Be2 Be4 38. a3 Bd3 39. Bd1 a4 40. bxa4 Nxc4 41. f4 Nxa3 42. Kf2 Bc2 43. a5 bxa5 44. Bf3 a4 45. Ke2 Nb1 46. Bg4 Bb3 47. f5 a3 0-1

[Event "32nd Panamerican Youth 2022"]
[Site "Montevideo"]
[Date "2022.06.27"]
[Round "2.18"]
[White "Zacarias Rodriguez, Santiago"]
[Black "Caceres Sandoval, Eduardo"]
[Result "1-0"]
[ECO "B85"]
[WhiteElo "2069"]
[BlackElo "1751"]
[Annotator "NA RC"]
[PlyCount "55"]
[EventDate "2022.06.26"]
[EventType "swiss"]
[EventCountry "URU"]
[SourceTitle "playchess.com"]
[Source "ChessBase"]
[SourceQuality "1"]
[TimeControl "5400+30"]

1. e4 c5 2. Nf3 d6 3. d4 cxd4 4. Nxd4 Nf6 5. Nc3 a6 6. Be2 e6 7. Be3 Be7 8. f4 Nc6 9. O-O O-O 10. Qe1 Qc7 11. Qg3 Nxd4 12. Bxd4 b5 13. Bf3 Bb7 14. a3 Rad8 15. Kh1 g6 16. f5 e5 17. Be3 Qc4 18. Bg5 Kg7 19. Qh4 h5 20. Bxh5 gxh5 21. Rf3 Rg8 22. Bxf6+ Bxf6 23. Rg3+ Kf8 24. Qxf6 Qc7 25. Rxg8+ Kxg8 26. Qh6 Qe7 27. f6 Qf8 28. Qg5+ 1-0

[Event "32nd Panamerican Youth 2022"]
[Site "Montevideo"]
[Date "2022.06.27"]
[Round "2.19"]
[White "Sloan, Jed"]
[Black "Claure Verastegui, Rene David"]
[Result "1-0"]
[ECO "C00"]
[WhiteElo "1974"]
[BlackElo "1586"]
[Annotator "NA RC"]
[PlyCount "74"]
[EventDate "2022.06.26"]
[EventType "swiss"]
[EventCountry "URU"]
[SourceTitle "playchess.com"]
[Source "ChessBase"]
[SourceQuality "1"]
[TimeControl "5400+30"]

1. e4 e6 2. d3 d5 3. Qe2 c5 4. g3 Nc6 5. Nf3 dxe4 6. dxe4 g6 7. Bg2 Bg7 8. O-O Nge7 9. c3 O-O 10. e5 Qc7 11. Re1 b6 12. h4 Bb7 13. h5 Rad8 14. Bg5 Qd7 15. Nbd2 Qd3 16. hxg6 hxg6 17. Qd1 Qf5 18. Qc1 Rd7 19. Nc4 Na5 20. Nd6 Qg4 21. Nh2 Qh5 22. g4 Qh7 23. Re3 Bxe5 24. Rxe5 f6 25. Rxe6 Bxg2 26. Kxg2 fxg5 27. Qc2 Nd5 28. Kh1 Nf4 29. Rae1 Qh3 30. Qe4 Rh7 31. Rxg6+ Nxg6 32. Qxg6+ Kh8 33. Nf7+ Rhxf7 34. Re3 Qh7 35. Qxg5 Qb1+ 36. Kg2 Rxf2+ 37. Kh3 Qh7+ 1-0

[Event "32nd Panamerican Youth 2022"]
[Site "Montevideo"]
[Date "2022.06.27"]
[Round "2.20"]
[White "Lavandeira, Juan Facundo"]
[Black "Handsztok, Matias"]
[Result "1-0"]
[ECO "A30"]
[WhiteElo "1676"]
[BlackElo "1868"]
[Annotator "NA RC"]
[PlyCount "126"]
[EventDate "2022.06.26"]
[EventType "swiss"]
[EventCountry "URU"]
[SourceTitle "playchess.com"]
[Source "ChessBase"]
[SourceQuality "1"]
[TimeControl "5400+30"]

1. c4 c5 2. g3 g6 3. Bg2 Bg7 4. Nc3 d6 5. e4 Nc6 6. Nge2 e6 7. d3 Nge7 8. O-O O-O 9. Be3 Nd4 10. Qd2 a6 11. Bh6 Rb8 12. Bxg7 Kxg7 13. f4 Nec6 14. Nxd4 Nxd4 15. Ne2 f5 16. Nxd4 cxd4 17. Rae1 b5 18. e5 dxe5 19. Rxe5 bxc4 20. dxc4 d3 21. b3 Qd4+ 22. Qf2 Qd7 23. Rd1 Rd8 24. Re3 Qc7 25. Rexd3 Rxd3 26. Rxd3 a5 27. Qd4+ Kh6 28. h3 Bb7 29. g4 Bxg2 30. Kxg2 Qc6+ 31. Kh2 Qe4 32. g5+ Kh5 33. Qxe4 fxe4 34. Rd7 Rh8 35. Re7 h6 36. gxh6 Kxh6 37. Rxe6 Rd8 38. Rxe4 Rd2+ 39. Kg3 Rxa2 40. Re3 Kg7 41. Rc3 Ra3 42. Rf3 Ra1 43. Re3 Kf6 44. Kf3 Rc1 45. Ke4 a4 46. Kd5 a3 47. Re6+ Kf5 48. Ra6 Ra1 49. b4 a2 50. Kc5 Kxf4 51. b5 Ke4 52. Ra3 Ke5 53. Re3+ Kf4 54. Re2 Kg3 55. b6 Kxh3 56. Rb2 g5 57. b7 Rb1 58. b8=Q a1=Q 59. Rxb1 Qa3+ 60. Qb4 Qa7+ 61. Qb6 Qe7+ 62. Kb5 Qd7+ 63. Ka5 Qd4 1-0

[Event "32nd Panamerican Youth 2022"]
[Site "Montevideo"]
[Date "2022.06.27"]
[Round "2.27"]
[White "Melian, Juan Sebastian"]
[Black "Ballesteros Cardenas, Leonardo"]
[Result "1-0"]
[ECO "E52"]
[WhiteElo "2069"]
[BlackElo "2033"]
[Annotator "NA RC"]
[PlyCount "113"]
[EventDate "2022.06.26"]
[EventType "swiss"]
[EventCountry "URU"]
[SourceTitle "playchess.com"]
[Source "ChessBase"]
[SourceQuality "1"]
[TimeControl "5400+30"]

1. d4 Nf6 2. c4 e6 3. Nc3 Bb4 4. e3 O-O 5. Bd3 d5 6. Nf3 b6 7. O-O dxc4 8. Bxc4 Ba6 9. Bxa6 Nxa6 10. Qe2 Qc8 11. a3 Bxc3 12. bxc3 Qb7 13. Ne5 c5 14. Bb2 Rac8 15. f3 Rfd8 16. e4 Nb8 17. Rfd1 Nc6 18. Nxc6 Qxc6 19. Rac1 Rd7 20. Rd2 Rcd8 21. Rcd1 Ne8 22. d5 exd5 23. exd5 Qg6 24. c4 Nd6 25. Re1 f6 26. Qf1 Re8 27. Rde2 Kf8 28. f4 Rde7 29. Be5 fxe5 30. fxe5+ Rf7 31. Rf2 Nf5 32. e6 Rf6 33. Qe2 Nd4 34. Rxf6+ gxf6 35. Qf2 Qg5 36. h4 Qg6 37. Re3 f5 38. Qf4 Qg7 39. h5 Qf6 40. Kh2 Kg8 41. Rh3 Kh8 42. Re3 a6 43. a4 b5 44. axb5 axb5 45. cxb5 Nxb5 46. d6 Rxe6 47. d7 Rxe3 48. Qb8+ Kg7 49. d8=Q Qxd8 50. Qxd8 Re6 51. Qd7+ Kf6 52. Qxb5 Kg5 53. Qxc5 Re4 54. g3 h6 55. Kh3 Re6 56. Qf8 Re4 57. Qf7 1-0

[Event "32nd Panamerican Youth 2022"]
[Site "Montevideo"]
[Date "2022.06.27"]
[Round "2.29"]
[White "Borda Rodas, Anapaola S."]
[Black "Perez Hernandez, Vicmary C."]
[Result "0-1"]
[ECO "C77"]
[WhiteElo "2141"]
[BlackElo "1909"]
[Annotator "RC"]
[PlyCount "60"]
[EventDate "2022.06.26"]
[EventType "swiss"]
[EventCountry "URU"]
[SourceTitle "playchess.com"]
[Source "ChessBase"]
[SourceQuality "1"]
[TimeControl "5400+30"]

1. e4 e5 2. Nf3 Nc6 3. Bb5 a6 4. Ba4 Nf6 5. d4 exd4 6. O-O Be7 7. Re1 b5 8. Bb3 d6 9. Bd5 Nxd5 10. exd5 Ne5 11. Nxd4 O-O 12. a4 Bd7 13. Nc3 Rb8 14. f4 Ng4 15. axb5 axb5 16. Ncxb5 Bf6 17. Qd3 Bxd4+ 18. Nxd4 Nxh2 19. Qg3 Ng4 20. f5 h5 21. b3 Re8 22. Bb2 Qg5 23. Bc1 Rxe1+ 24. Qxe1 Qf6 25. Bb2 Re8 26. Qd2 Qe5 27. Kf1 Qh2 28. Nf3 Qh1+ 29. Ng1 Ne3+ 30. Ke2 Nc4+ 0-1

[Event "32nd Panamerican Youth 2022"]
[Site "Montevideo"]
[Date "2022.06.27"]
[Round "2.30"]
[White "Garcia Andrada, Heidy Nicole"]
[Black "Sanchez Tobar, Francisca Valenti"]
[Result "1-0"]
[ECO "C54"]
[WhiteElo "1918"]
[BlackElo "1847"]
[Annotator "NA RC"]
[PlyCount "67"]
[EventDate "2022.06.26"]
[EventType "swiss"]
[EventCountry "URU"]
[SourceTitle "playchess.com"]
[Source "ChessBase"]
[SourceQuality "1"]
[TimeControl "5400+30"]

1. e4 e5 2. Nf3 Nc6 3. Bc4 Bc5 4. c3 Nf6 5. d3 a6 6. O-O O-O 7. d4 exd4 8. cxd4 Be7 9. Nc3 d6 10. h3 h6 11. Re1 Kh8 12. b3 Nh7 13. Bb2 Na5 14. Bd3 f5 15. d5 b6 16. Nd4 f4 17. b4 Nb7 18. Nc6 Qd7 19. e5 Nd8 20. Qc2 Ng5 21. e6 Ndxe6 22. Nxe7 Qxe7 23. dxe6 Bb7 24. Kh2 f3 25. g3 Nxh3 26. Kxh3 Qg5 27. Kh2 Rf4 28. Rh1 Rg4 29. Ne4 Rh4+ 30. Kg1 Rxh1+ 31. Kxh1 Qh5+ 32. Kg1 Qh3 33. Bf1 Bxe4 34. Qxe4 1-0

[Event "32nd Panamerican Youth 2022"]
[Site "Montevideo"]
[Date "2022.06.27"]
[Round "2.31"]
[White "Bosco, Giuliana"]
[Black "Matus, Nastassja"]
[Result "0-1"]
[ECO "B12"]
[WhiteElo "1803"]
[BlackElo "1908"]
[Annotator "NA RC"]
[PlyCount "62"]
[EventDate "2022.06.26"]
[EventType "swiss"]
[EventCountry "URU"]
[SourceTitle "playchess.com"]
[Source "ChessBase"]
[SourceQuality "1"]
[TimeControl "5400+30"]

1. e4 c6 2. d4 d5 3. e5 Bf5 4. h4 h5 5. Bd3 Bxd3 6. Qxd3 e6 7. Bg5 Qc7 8. Nf3 c5 9. c4 cxd4 10. cxd5 Qa5+ 11. Nbd2 Qxd5 12. Qxd4 Ne7 13. Nc4 Qxd4 14. Nxd4 Nd5 15. Rd1 Nd7 16. Rh3 Bb4+ 17. Ke2 Rc8 18. Rc1 O-O 19. Rg3 Kh7 20. Rc2 a6 21. a3 Bc5 22. Nb3 Ba7 23. Kd1 b5 24. Nd6 Rxc2 25. Kxc2 Nxe5 26. Bd2 f6 27. Ne4 Rc8+ 28. Kd1 Rc4 29. Nd6 Rxh4 30. Ne8 Ng6 31. Rd3 Bxf2 0-1

[Event "32nd Panamerican Youth 2022"]
[Site "Montevideo"]
[Date "2022.06.27"]
[Round "2.32"]
[White "Ibarra Mayorga, Ximena"]
[Black "Castano, Saray"]
[Result "1-0"]
[ECO "D85"]
[WhiteElo "1686"]
[BlackElo "1704"]
[Annotator "NA RC"]
[PlyCount "39"]
[EventDate "2022.06.26"]
[EventType "swiss"]
[EventCountry "URU"]
[SourceTitle "playchess.com"]
[Source "ChessBase"]
[SourceQuality "1"]
[TimeControl "5400+30"]

1. d4 Nf6 2. c4 g6 3. Nc3 d5 4. cxd5 Nxd5 5. e4 Nxc3 6. bxc3 Bg7 7. Nf3 O-O 8. Rb1 c5 9. Be2 Nc6 10. d5 Bxc3+ 11. Bd2 Bxd2+ 12. Qxd2 Nb8 13. h4 h5 14. Qh6 Qa5+ 15. Kf1 Qxa2 16. Re1 f6 17. Qxg6+ Kh8 18. Ng5 fxg5 19. Qxh5+ Kg8 20. hxg5 1-0